[Event "SS Manhem Chess Week 2019 GM and IM tournaments"]
[Site "Molnlycke kulturhus, Biblioteksgatan 2, Molnlycke, Sweden"]
[Date "2019.08.10"]
[Round "1.6"]
[White "Borsuk, Konstantin"]
[Black "Renman, Nils-Gustaf"]
[Result "1-0"]
[TimeControl "90 minutes for 40 moves + 30 minutes for the rest of the game + 30 seconds per move from move one."]
[WhiteTitle "FM"]
[BlackTitle "IM"]
[WhiteFideId "14113406"]
[BlackFideId "1700367"]
[WhiteElo "2372"]
[BlackElo "2346"]

1. d4 d5 2. c4 c6 3. Nc3 Nf6 4. cxd5 cxd5 5. Bf4 Nc6 6. e3 a6 7. Bd3 Bg4 8. f3 Bh5 9. Nge2 e6 10.
O-O Bg6 11. Rc1 Be7 12. Na4 O-O 13. Bxg6 hxg6 14. a3 Rc8 15. b4 b5 16. Nc5 Nd7 17. Nxa6 Nb6 18. Rc3 Qd7 19. Nc5 Qa7 20.
Qd3 Nc4 21. Rb3 e5 22. Bg3 Rfe8 23. Bf2 exd4 24. exd4 Bg5 25. f4 Qe7 26. Re1 Bf6 27. g3 Qd6 28. Rd1 g5 29. Qf3 Ra8 30.
Nc3 Rxa3 31. Rxa3 Nxa3 32. Nxd5 Nc2 33. Ne4 Rxe4 34. Nxf6+ gxf6 35. Qxe4 N2xb4 36. fxg5 fxg5 37. d5 Ne7 38.
Rb1 Nbxd5 39. Rxb5 Qc6 40. Rb8+ Kg7 41. Rb1 Qg6 42. Bd4+ f6 43. Qxg6+ Kxg6 44. Ra1 g4 45. Ra4 Kf5 46.
Kf2 Nc6 47. Ke2 Ke6 48. Bb2 f5 49. Ra6 Ndb4 50. Rb6 Kd5 51. Rb5+ Ke4 52. Rc5 1-0

[Event "SS Manhem Chess Week 2019 GM and IM tournaments"]
[Site "Molnlycke kulturhus, Biblioteksgatan 2, Molnlycke, Sweden"]
[Date "2019.08.10"]
[Round "1.7"]
[White "Fries-Nielsen, Jens Ove"]
[Black "Hill, Alistair"]
[Result "1-0"]
[TimeControl "90 minutes for 40 moves + 30 minutes for the rest of the game + 30 seconds per move from move one."]
[WhiteTitle "IM"]
[WhiteFideId "1400142"]
[BlackFideId "432407"]
[WhiteElo "2351"]
[BlackElo "2224"]

1. d4 Nf6 2. Nf3 c5 3. e3 g6 4. a3 b6 5. d5 d6 6. Bb5+ Bd7 7. Bxd7+ Nbxd7 8. Nc3 Bg7 9. O-O O-O 10.
Qe2 a6 11. Bd2 b5 12. e4 Ng4 13. Ng5 Nge5 14. b3 h6 15. Nh3 Nb6 16. Rad1 Ned7 17. Qg4 c4 18. b4 Na4 19. Nxa4 bxa4 20.
f4 a5 21. bxa5 c3 22. Be3 Rxa5 23. Rb1 Qc7 24. Nf2 Raa8 25. Nd3 Rab8 26. Nb4 Nc5 27. f5 Kh7 28. Qh4 Nd7 29. Qxe7 Rbe8 30.
Qh4 Qc4 31. Qh3 Qxe4 32. Rbe1 g5 33. Bf2 Qc4 34. Rd1 Nf6 35. Bd4 Re4 36. Qxc3 Qxc3 37. Bxc3 Rc8 38. Ba1 Ng4 39. f6 Bf8 40.
Rd4 Rxd4 41. Bxd4 Kg6 42. Nc6 Re8 43. c4 Ne5 44. Bxe5 dxe5 45. Ne7+ Rxe7 46. fxe7 Bxe7 47. Rd1 Bd6 48.
Kf1 Kf6 49. Rb1 e4 50. Rb6 Ke5 51. Ra6 f5 52. Rxa4 f4 53. Ra8 Kd4 54. Rd8 Be7 55. Re8 Bxa3 56. Re6 g4 57. d6 Bb4 58.
d7 Ba5 59. Rd6+ 1-0

[Event "SS Manhem Chess Week 2019 GM and IM tournaments"]
[Site "Molnlycke kulturhus, Biblioteksgatan 2, Molnlycke, Sweden"]
[Date "2019.08.10"]
[Round "1.8"]
[White "Kucuksari, Kaan"]
[Black "Malmstig, Erik"]
[Result "1-0"]
[TimeControl "90 minutes for 40 moves + 30 minutes for the rest of the game + 30 seconds per move from move one."]
[WhiteTitle "FM"]
[BlackTitle "FM"]
[WhiteFideId "6380166"]
[BlackFideId "1702866"]
[WhiteElo "2286"]
[BlackElo "2335"]

1. d4 Nf6 2. Nf3 g6 3. c4 Bg7 4.
g3 O-O 5. Bg2 c5 6. O-O d6 7. Nc3 Na6 8. d5 Bf5 9. Nd2 Qc8 10. b3 Bh3 11. Bb2 Nc7 12. e4 h5 13. Qc2 h4 14.
Rae1 Re8 15. Nf3 Bxg2 16. Kxg2 hxg3 17. hxg3 Qg4 18. e5 dxe5 19. Nxe5 Qf5 20. Qxf5 gxf5 21. Re2 Rad8 22. Nd3 Nd7 23.
Rfe1 Kf8 24. a4 Na6 25. Nb5 Bxb2 26. Nxb2 Ra8 27. Nd1 Nf6 28. Re5 f4 29. gxf4 Ng8 30. Rg5 e6 31. d6 Red8 32.
f5 e5 33. f6 Nb4 34. Rh1 Nd3 35. Rh8 Nf4+ 36. Kf3 Ng6 37. Rxg6 fxg6 38. Ne3 Kf7 39. Rh7+ Kxf6 40. Nd5+ Kg5 41.
Nbc7 e4+ 42. Kxe4 Rxd6 43. Nxa8 Rxd5 44. cxd5 Nf6+ 45. Ke5 Nxh7 46. Nc7 Kg4 47. Ne6 1-0

[Event "SS Manhem Chess Week 2019 GM and IM tournaments"]
[Site "Molnlycke kulturhus, Biblioteksgatan 2, Molnlycke, Sweden"]
[Date "2019.08.10"]
[Round "1.9"]
[White "Ornstein, Axel"]
[Black "Jacobsen, Mikkel Manosri"]
[Result "0-1"]
[TimeControl "90 minutes for 40 moves + 30 minutes for the rest of the game + 30 seconds per move from move one."]
[WhiteTitle "IM"]
[BlackTitle "FM"]
[WhiteFideId "1700111"]
[BlackFideId "1444514"]
[WhiteElo "2311"]
[BlackElo "2269"]

1. d4 Nf6 2. c4 e6 3. Nc3 d5 4. Bg5 Nbd7 5. e3 Be7 6. Nf3 O-O 7. Rc1 Re8 8. Bd3 h6 9. Bh4 dxc4 10.
Bxc4 a6 11. a4 c5 12. O-O cxd4 13. Nxd4 Ne5 14. Ba2 Bd7 15. Bg3 Nc6 16. Nf3 Qa5 17. Qb3 Nb4 18. Bb1 Nh5 19. Rfd1 Red8 20. Bc7 Qxc7 21. Nd5 Qd6 22. Nc7 Rac8 23. Rxd6 Bxd6 24. Rc4 Bc6 25. Be4 Rxc7 0-1

[Event "SS Manhem Chess Week 2019 GM and IM tournaments"]
[Site "Molnlycke kulturhus, Biblioteksgatan 2, Molnlycke, Sweden"]
[Date "2019.08.10"]
[Round "1.10"]
[White "Pham, Bich Ngoc"]
[Black "Rydstrom, Tom"]
[Result "0-1"]
[TimeControl "90 minutes for 40 moves + 30 minutes for the rest of the game + 30 seconds per move from move one."]
[WhiteTitle "WIM"]
[BlackTitle "FM"]
[WhiteFideId "12401285"]
[BlackFideId "1714830"]
[WhiteElo "2176"]
[BlackElo "2314"]

1. c4 e5 2. g3 Nc6 3. Bg2 f5 4. Nc3 Nf6 5. d3 Bc5 6. e3 a6 7. Nge2 d6 8. d4 Ba7 9. Bxc6+ bxc6 10.
dxe5 dxe5 11. Qxd8+ Kxd8 12. b3 Be6 13. Ba3 Kc8 14. O-O h5 15. h4 Kb7 16. Rfd1 Rae8 17. Rd3 Ng4 18. c5 g5 19.
hxg5 h4 20. gxh4 Rxh4 21. Rad1 Reh8 22. Ng3 f4 23. exf4 exf4 24. Nf1 Ne5 25. Rd8 Rg4+ 26. Ng3 Rxd8 27. Rxd8 fxg3 28. Kg2 gxf2+ 29. Kxf2 Rxg5 30. Re8 Bd5 31. Nxd5 cxd5 32. Ke3 Nc6 33. Kf4 Rg2 0-1

[Event "SS Manhem Chess Week 2019 GM and IM tournaments"]
[Site "Molnlycke kulturhus, Biblioteksgatan 2, Molnlycke, Sweden"]
[Date "2019.08.11"]
[Round "2.2"]
[White "Blomqvist, Erik"]
[Black "Vypkhaniuk, Ihor"]
[Result "1/2-1/2"]
[TimeControl "90 minutes for 40 moves + 30 minutes for the rest of the game + 30 seconds per move from move one."]
[WhiteTitle "GM"]
[BlackTitle "FM"]
[WhiteFideId "1709437"]
[BlackFideId "14112256"]
[WhiteElo "2507"]
[BlackElo "2405"]

1. e4 c5 2. Nf3 Nc6 3. Bb5 g6 4. O-O Bg7 5. Nc3 e5 6. d3 Nge7 7. Bc4 h6 8. a3 O-O 9. b4 d6 10.
bxc5 dxc5 11. Rb1 b6 12. Nd5 Bb7 13. Nxe7+ Nxe7 14. h4 Kh7 15. h5 f5 16. Nh4 g5 17. Nxf5 Nxf5 18. exf5 Rxf5 19.
a4 Qd6 20. a5 Raf8 21. Qg4 Kh8 22. Be3 Bc8 23. Qe4 g4 24. axb6 axb6 25. Qxg4 Rxf2 26. Qe4 Rxf1+ 27. Rxf1 Rxf1+ 28. Kxf1 Bd7 29. Kg1 b5 30. Bf7 Bc6 31. Qf5 Bd7 32. Qf2 c4 33. Bg6 cxd3 34. cxd3 Qf8 35. Qa2 Be8 36. Qd5 Bxg6 37.
hxg6 Qe8 38. Qd6 b4 39. Qxb4 Qxg6 40. Qe4 1/2-1/2

[Event "SS Manhem Chess Week 2019 GM and IM tournaments"]
[Site "Molnlycke kulturhus, Biblioteksgatan 2, Molnlycke, Sweden"]
[Date "2019.08.11"]
[Round "2.4"]
[White "Hector, Jonny"]
[Black "Haubro, Martin"]
[Result "1-0"]
[TimeControl "90 minutes for 40 moves + 30 minutes for the rest of the game + 30 seconds per move from move one."]
[WhiteTitle "GM"]
[BlackTitle "IM"]
[WhiteFideId "1700090"]
[BlackFideId "1414291"]
[WhiteElo "2493"]
[BlackElo "2374"]

1. e4 c5 2. Nf3 d6 3. d4 cxd4 4. Nxd4 Nf6 5. Nc3 Nc6 6. Bg5 e6 7. Qd2 a6 8. O-O-O Bd7 9. f4 Be7 10.
Nf3 b5 11. Bxf6 gxf6 12. Kb1 Qb6 13. Bd3 O-O-O 14. Rhe1 Kb7 15. g4 Rc8 16. Nd5 exd5 17. exd5 Ne5 18. fxe5 fxe5 19. Bf5 Bxf5 20.
gxf5 Rc4 21. Qg2 f6 22. Nd2 Rh4 23. Qg3 Rh5 24. Ne4 Rc8 25. Rf1 Qd8 26. h4 Qg8 27. Qh3 Rc4 28. Rg1 Qf7 29.
Qg4 Rh6 30. b3 Rc7 31. Ng3 Rc8 32. a4 Bd8 33. axb5 Bb6 34. bxa6+ Ka8 35. Rg2 Qc7 36. Ne4 Bd4 37. Qg7 Qxg7 38.
Rxg7 Rxh4 39. Nxd6 Rc5 40. Nc4 1-0

[Event "SS Manhem Chess Week 2019 GM and IM tournaments"]
[Site "Molnlycke kulturhus, Biblioteksgatan 2, Molnlycke, Sweden"]
[Date "2019.08.11"]
[Round "2.6"]
[White "Malmstig, Erik"]
[Black "Fries-Nielsen, Jens Ove"]
[Result "0-1"]
[TimeControl "90 minutes for 40 moves + 30 minutes for the rest of the game + 30 seconds per move from move one."]
[WhiteTitle "FM"]
[BlackTitle "IM"]
[WhiteFideId "1702866"]
[BlackFideId "1400142"]
[WhiteElo "2335"]
[BlackElo "2351"]

1. d4 d5 2. c4 e6 3. Nc3 Ne7 4. Nf3 Nbc6 5. Bg5 f6 6. cxd5 exd5 7. Bf4 g5 8. Bc1 Bg7 9. e3 O-O 10.
Be2 h6 11. O-O f5 12. Ne1 f4 13. exf4 gxf4 14. Nd3 f3 15. Bxf3 Nxd4 16. Bh5 Qd6 17. Re1 Be6 18. Be3 Nec6 19.
Qd2 Bf5 20. Bf4 Qd8 21. Bxh6 Qh4 22. Bxg7 Kxg7 23. Nf4 Bg4 24. Re5 Nxe5 25. Qxd4 Qf6 26. Bxg4 Qxf4 27. Qxf4 Rxf4 28. Be2 c6 29.
Rd1 Raf8 30. f3 b5 31. Bf1 Nc4 32. Ne2 R4f6 33. b4 a5 34. bxa5 Ra8 35. Nd4 Rxa5 36. Bxc4 bxc4 37. Rd2 c5 38.
Ne2 d4 39. Ng3 c3 40. Rc2 Rb6 0-1

[Event "SS Manhem Chess Week 2019 GM and IM tournaments"]
[Site "Molnlycke kulturhus, Biblioteksgatan 2, Molnlycke, Sweden"]
[Date "2019.08.11"]
[Round "2.7"]
[White "Hill, Alistair"]
[Black "Borsuk, Konstantin"]
[Result "0-1"]
[TimeControl "90 minutes for 40 moves + 30 minutes for the rest of the game + 30 seconds per move from move one."]
[BlackTitle "FM"]
[WhiteFideId "432407"]
[BlackFideId "14113406"]
[WhiteElo "2224"]
[BlackElo "2372"]

1. e4 e6 2. d4 d5 3. Nd2 Nc6 4. Ngf3 Nf6 5. e5 Nd7 6. Be2 a5 7. O-O a4 8. a3 Nb6 9. c4 dxc4 10.
Nxc4 Nd5 11. Bg5 Nce7 12. Nfd2 h6 13. Bh4 Nf4 14. Ne4 Qd5 15. Ncd6+ cxd6 16. Nxd6+ Kd7 17. Bf3 Qb3 18. Qc1 Qxf3 19.
gxf3 Ne2+ 20. Kh1 Nxc1 21. Raxc1 g5 22. Bg3 Rh7 23. Rc2 Nd5 24. Ne4 Be7 25. Rfc1 b6 26. Nf6+ Bxf6 27. exf6 Nxf6 0-1

[Event "SS Manhem Chess Week 2019 GM and IM tournaments"]
[Site "Molnlycke kulturhus, Biblioteksgatan 2, Molnlycke, Sweden"]
[Date "2019.08.11"]
[Round "2.8"]
[White "Jacobsen, Mikkel Manosri"]
[Black "Rydstrom, Tom"]
[Result "0-1"]
[TimeControl "90 minutes for 40 moves + 30 minutes for the rest of the game + 30 seconds per move from move one."]
[WhiteTitle "FM"]
[BlackTitle "FM"]
[WhiteFideId "1444514"]
[BlackFideId "1714830"]
[WhiteElo "2269"]
[BlackElo "2314"]

1. Nf3 d5 2. e3 Nf6 3. c4 c6 4. d4 e6 5. b3 Nbd7 6. Bd3 Bd6 7. Bb2 O-O 8. O-O b6 9. Nbd2 Bb7 10.
Qe2 c5 11. cxd5 exd5 12. Rfd1 Re8 13. Bb5 a6 14. dxc5 bxc5 15. Bxf6 gxf6 16. Ba4 Kh8 17. Qd3 Rg8 18. Bxd7 Qxd7 19.
g3 Qg4 20. a4 h5 21. a5 h4 22. Ra4 d4 23. exd4 hxg3 24. hxg3 Bxg3 25. d5 Qh3 26. fxg3 Rxg3+ 27. Kf2 Rg2+ 28.
Ke3 Re8+ 29. Qe4 Qd7 30. Qxe8+ Qxe8+ 31. Re4 Qb5 32. Nc4 f5 33. Rh4+ Kg7 34. Rd3 Qe8+ 35. Nfe5 Rg3+ 36. Kf4 Rxd3 37.
Nd6 Rd4+ 0-1

[Event "SS Manhem Chess Week 2019 GM and IM tournaments"]
[Site "Molnlycke kulturhus, Biblioteksgatan 2, Molnlycke, Sweden"]
[Date "2019.08.11"]
[Round "2.9"]
[White "Ornstein, Axel"]
[Black "Kucuksari, Kaan"]
[Result "1/2-1/2"]
[TimeControl "90 minutes for 40 moves + 30 minutes for the rest of the game + 30 seconds per move from move one."]
[WhiteTitle "IM"]
[BlackTitle "FM"]
[WhiteFideId "1700111"]
[BlackFideId "6380166"]
[WhiteElo "2311"]
[BlackElo "2286"]

1. d4 f5 2. c4 Nf6 3. Nc3 g6 4.
f3 Bg7 5. e4 d6 6. Be3 O-O 7. e5 Nh5 8. f4 c5 9. dxc5 dxe5 10. Qxd8 Rxd8 11. fxe5 Bxe5 12. Nd5 Nc6 13. O-O-O e6 14.
Ne7+ Kf7 15. Rxd8 Nxd8 16. Nxc8 Rxc8 17. Nf3 Bf4 18. Bxf4 Nxf4 19. g3 Nh5 20. b4 Kf6 21. Be2 a5 22.
a3 axb4 23. axb4 Nc6 24. b5 Na5 25. c6 bxc6 26. Kb2 Nxc4+ 27. Bxc4 cxb5 28. Be2 e5 29. Ra1 Rc6 30. Bxb5 Rb6 31.
Ra6 Rxa6 32. Bxa6 e4 33. Nd2 g5 34. Kc3 e3 35. Nf3 g4 36. Ne1 f4 37. gxf4 Nxf4 38. Kd4 e2 39. Ke3 Kg5 40.
Bxe2 Nxe2 41. Kxe2 1/2-1/2

[Event "SS Manhem Chess Week 2019 GM and IM tournaments"]
[Site "Molnlycke kulturhus, Biblioteksgatan 2, Molnlycke, Sweden"]
[Date "2019.08.11"]
[Round "2.10"]
[White "Renman, Nils-Gustaf"]
[Black "Pham, Bich Ngoc"]
[Result "1/2-1/2"]
[TimeControl "90 minutes for 40 moves + 30 minutes for the rest of the game + 30 seconds per move from move one."]
[WhiteTitle "IM"]
[BlackTitle "WIM"]
[WhiteFideId "1700367"]
[BlackFideId "12401285"]
[WhiteElo "2346"]
[BlackElo "2176"]

1. d4 f5 2. c4 Nf6 3. g3 g6 4. Bg2 Bg7 5. Nc3 O-O 6. Nf3 d6 7. O-O c6 8. Re1 Na6 9. a3 Qc7 10.
e4 fxe4 11. Nxe4 Nxe4 12. Rxe4 Bf5 13. Re3 e5 14. dxe5 dxe5 15. Ng5 Rad8 16. Qe2 Nc5 17. g4 Bd3 18. Rxd3 Nxd3 19. Ne6 Qb6 20.
c5 Qb3 21. Nxf8 Bxf8 22. Be4 Bxc5 23. Be3 Nf4 24. Bxf4 exf4 25. Rc1 Bd4 26. Rc2 Bf6 27. Kg2 Kg7 28. Qf3 Qxf3+ 29. Kxf3 Be5 30.
Ke2 Kf6 31. h4 Rd7 32. b3 Bd6 33. Rd2 Ke6 34. a4 a5 35. Bd3 Kf6 36. g5+ Kg7 37. Bc4 h6 38. Kf3 hxg5 39. hxg5 Rd8 40.
Rd1 Rd7 1/2-1/2

[Event "SS Manhem Chess Week 2019 GM and IM tournaments"]
[Site "Molnlycke kulturhus, Biblioteksgatan 2, Molnlycke, Sweden"]
[Date "2019.08.11"]
[Round "3.6"]
[White "Rydstrom, Tom"]
[Black "Renman, Nils-Gustaf"]
[Result "0-1"]
[TimeControl "90 minutes for 40 moves + 30 minutes for the rest of the game + 30 seconds per move from move one."]
[WhiteTitle "FM"]
[BlackTitle "IM"]
[WhiteFideId "1714830"]
[BlackFideId "1700367"]
[WhiteElo "2314"]
[BlackElo "2346"]

1. e4 e6 2. d4 d5 3. Nc3 Nf6 4. e5 Nfd7 5. f4 c5 6. Nf3 Nc6 7. Be3 a6 8. Qd2 b5 9. Nd1 Qb6 10.
c3 a5 11. Bd3 b4 12. O-O Ba6 13. Nf2 Bxd3 14. Nxd3 c4 15. Nf2 a4 16. cxb4 Bxb4 17. Qc2 g6 18. g4 O-O 19. g5 Rfb8 20.
Ng4 Bf8 21. Rab1 Nb4 22. Qf2 Nxa2 23. Qh4 Nc3 24. Rbe1 Ne4 25. f5 exf5 26. Nf6+ Ndxf6 27. gxf6 Re8 28. Bh6 Rxe5 29. Bxf8 Rxf8 30. Qh6 Nxf6 31.
Nxe5 Qxd4+ 32. Qe3 Qxb2 33. Rxf5 Ne4 34. Nxc4 dxc4 35. Rff1 f5 36. Rb1 Qd2 37. Qa7 Nc3 38. Rb7 Ne2+ 39.
Kg2 Nf4+ 40. Kf3 Qe2+ 41. Kxf4 Qxf1+ 42. Ke5 Qe2+ 43. Kd6 Rd8+ 44. Kc6 Qe5 0-1

[Event "SS Manhem Chess Week 2019 GM and IM tournaments"]
[Site "Molnlycke kulturhus, Biblioteksgatan 2, Molnlycke, Sweden"]
[Date "2019.08.11"]
[Round "3.7"]
[White "Borsuk, Konstantin"]
[Black "Malmstig, Erik"]
[Result "1-0"]
[TimeControl "90 minutes for 40 moves + 30 minutes for the rest of the game + 30 seconds per move from move one."]
[WhiteTitle "FM"]
[BlackTitle "FM"]
[WhiteFideId "14113406"]
[BlackFideId "1702866"]
[WhiteElo "2372"]
[BlackElo "2335"]

1. d4 Nf6 2. Nf3 c5 3. d5 g6 4. Nc3 d6 5. e4 a6 6. a4 Bg4 7. Be2 Bxf3 8. Bxf3 Nbd7 9. O-O Bg7 10.
Be2 O-O 11. Ra3 Qc7 12. a5 Rfc8 13. Be3 Rab8 14. Qd2 Qd8 15. f3 Qf8 16. f4 Rd8 17. g4 Ne8 18. Na4 Nc7 19. c3 Kh8 20.
b4 Nb5 21. Rb3 Nf6 22. Qd3 c4 23. Qxc4 e6 24. Bf3 exd5 25. exd5 Re8 26. Qd3 Re7 27. Bf2 g5 28. c4 Nc7 29.
fxg5 Nd7 30. Nb6 Ne5 31. Qf5 Rd8 32. h4 Na8 33. Be4 Qg8 34. h5 Nd7 35. Nxd7 Rxe4 36. Qxe4 Rxd7 37. Bd4 1-0

[Event "SS Manhem Chess Week 2019 GM and IM tournaments"]
[Site "Molnlycke kulturhus, Biblioteksgatan 2, Molnlycke, Sweden"]
[Date "2019.08.11"]
[Round "3.9"]
[White "Pham, Bich Ngoc"]
[Black "Hill, Alistair"]
[Result "1-0"]
[TimeControl "90 minutes for 40 moves + 30 minutes for the rest of the game + 30 seconds per move from move one."]
[WhiteTitle "WIM"]
[WhiteFideId "12401285"]
[BlackFideId "432407"]
[WhiteElo "2176"]
[BlackElo "2224"]

1. c4 Nf6 2. Nf3 c5 3.
Nc3 d5 4. cxd5 Nxd5 5. g3 Nc6 6. Bg2 Nc7 7. O-O e5 8. d3 Be7 9. b3 O-O 10. Bb2 Be6 11. Rc1 b6 12. Qc2 Qd7 13.
Rfd1 Rad8 14. Qb1 f5 15. Qa1 Bf6 16. e3 Qe8 17. Rd2 Bf7 18. Ne2 Nd5 19. d4 cxd4 20. exd4 e4 21. Ne5 Nxe5 22. dxe5 Bg5 23. Rcd1 Bxd2 24.
Rxd2 Nb4 25. Nd4 Be6 26. Bf1 Nd3 27. Bxd3 exd3 28. Rxd3 Qg6 29. Ba3 Rfe8 30. f4 Bd5 31. Bd6 Be4 32.
Rd2 Qf7 33. Nb5 Qh5 34. Qc3 Rc8 35. Nc7 Red8 36. e6 Rxd6 37. Rxd6 Qe2 38. Qd2 Qxd2 39. Rxd2 Bc6 40. Rd6 Be8 41.
Nxe8 Rxe8 42. Kf2 Kf8 43. Ke3 Ke7 44. Rd7+ Kxe6 45. Rxa7 Kf6+ 46. Kd4 h5 47. Rb7 Re6 48. Kd5 h4 49.
Rxg7 Re2 50. Rh7 Rd2+ 51. Kc4 Rxh2 52. Rxh4 Rxa2 53. Rh6+ Kf7 54. Rxb6 Rg2 55. Kd5 Rxg3 56. Ke5 Rc3 57.
b4 Rc2 58. Kxf5 Ke7 59. b5 Rg2 60. Rb8 Kd6 61. Kf6 Kc7 62. Re8 Rb2 63. Re5 Kd7 64. Rd5+ Kc7 65. f5 1-0

[Event "SS Manhem Chess Week 2019 GM and IM tournaments"]
[Site "Molnlycke kulturhus, Biblioteksgatan 2, Molnlycke, Sweden"]
[Date "2019.08.11"]
[Round "3.10"]
[White "Kucuksari, Kaan"]
[Black "Jacobsen, Mikkel Manosri"]
[Result "0-1"]
[TimeControl "90 minutes for 40 moves + 30 minutes for the rest of the game + 30 seconds per move from move one."]
[WhiteTitle "FM"]
[BlackTitle "FM"]
[WhiteFideId "6380166"]
[BlackFideId "1444514"]
[WhiteElo "2286"]
[BlackElo "2269"]

1. d4 Nf6 2. Nf3 d5 3. c4 e6 4. g3 Bb4+ 5. Bd2 Be7 6. Bg2 O-O 7. O-O Nbd7 8. Bf4 c6 9. Qc2 Ne4 10.
Nbd2 g5 11. Be3 f5 12. Nxe4 dxe4 13. Ne5 Nxe5 14. dxe5 Qc7 15. Qc3 c5 16. Rad1 Bd7 17. Qc1 h6 18. h4 Bc6 19. hxg5 Qxe5 20.
gxh6 Kh7 21. b3 Qf6 22. Bd2 Rg8 23. Bc3 Qxh6 24. Qxh6+ Kxh6 25. Be5 Kg6 26. f3 Bf6 27. Bf4 Bd4+ 28.
e3 Bf6 29. fxe4 e5 30. exf5+ Kxf5 31. Rd6 Bxg2 32. Kxg2 Bh8 33. Bh6+ Ke4 34. Rd7 b6 35. Rff7 Rg6 36. Bg7 a5 37. Kf2 a4 38. Bxh8 Rxh8 39.
Rh7 Rxh7 40. Rxh7 axb3 41. axb3 Kd3 42. Kf3 Rf6 43. Kg4 Kxe3 44. Kh5 e4 45. g4 Kf4 46. Re7 Rf8 47. Re6 e3 48.
Kh6 Kxg4 49. Rxe3 Rf3 50. Re6 Rxb3 51. Kg6 Kf4 52. Kf6 Rb4 53. Ke7 Rxc4 54. Rxb6 Rd4 55. Rb3 Ke4 56. Rc3 Rd5 57.
Ke6 Kd4 58. Rc1 Rh5 59. Rd1+ Kc3 60. Rd8 c4 61. Rc8 Kd3 62. Rd8+ Kc2 63. Rc8 c3 64. Kd6 Kd2 65. Ke6 Rh3 66.
Ke5 c2 67. Kd4 0-1

[Event "SS Manhem Chess Week 2019 GM and IM tournaments"]
[Site "Molnlycke kulturhus, Biblioteksgatan 2, Molnlycke, Sweden"]
[Date "2019.08.12"]
[Round "4.1"]
[White "Seo, Jung Min"]
[Black "Ahlander, Bjorn"]
[Result "1-0"]
[TimeControl "90 minutes for 40 moves + 30 minutes for the rest of the game + 30 seconds per move from move one."]
[WhiteTitle "FM"]
[BlackTitle "IM"]
[WhiteFideId "1734687"]
[BlackFideId "1700251"]
[WhiteElo "2409"]
[BlackElo "2390"]

1. e4 c5 2. Nc3 Nc6 3. d3 e6 4. g3 g6 5. Bg2 Bg7 6. Nge2 Nge7 7. O-O d6 8. Be3 Nd4 9. Qd2 O-O 10.
Nd1 Rb8 11. Nc1 b5 12. c3 Ndc6 13. d4 cxd4 14. cxd4 Qa5 15. Nc3 b4 16. N3e2 Ba6 17. Nb3 Qc7 18. Rfc1 Qd7 19. f4 Rfc8 20.
Bf2 Bb5 21. d5 Nd8 22. Ned4 Ba4 23.
Rxc8 Qxc8 24. Rc1 Qd7 25. Na5 e5 26. fxe5 dxe5 27. Ndb3 Nc8 28. Nc5 Qb5 29.
Nc4 Nb7 30. Nd3 b3 31. axb3 Qxb3 32.
Ncxe5 Ncd6 33. Nc6 Re8 34. e5 Nc4 35. Qe2 Nxe5 36. Ndxe5 f6 37. Nd4 Qa2 38. Qc4 Qxc4 39. Nxc4 Rc8 40.
Nc6 Kf7 41. Ra1 1-0

[Event "SS Manhem Chess Week 2019 GM and IM tournaments"]
[Site "Molnlycke kulturhus, Biblioteksgatan 2, Molnlycke, Sweden"]
[Date "2019.08.12"]
[Round "4.3"]
[White "Urkedal, Frode Olav Olsen"]
[Black "Vypkhaniuk, Ihor"]
[Result "1-0"]
[TimeControl "90 minutes for 40 moves + 30 minutes for the rest of the game + 30 seconds per move from move one."]
[WhiteTitle "GM"]
[BlackTitle "FM"]
[WhiteFideId "1506102"]
[BlackFideId "14112256"]
[WhiteElo "2566"]
[BlackElo "2405"]

1. d4 Nf6 2. c4 e6 3. Nf3 c5 4. d5 b5 5. dxe6 fxe6 6. cxb5 d5 7. Nc3 Bb7 8. e4 d4 9. e5 Nfd7 10.
Ne2 Bxf3 11. gxf3 Nxe5 12. Bg2 Nbd7 13. f4 Ng6 14. Qb3 Rb8 15. Qxe6+ Be7 16. Bc6 Rf8 17. f5 Nh4 18. Ng3 Rb6 19.
Kd1 Rxc6 20. bxc6 Nf6 21. Bf4 Nd5 22. c7 Nxc7 23. Qc6+ Qd7 24. Qxc7 Qb5 25. Re1 Qd3+ 26. Bd2 1-0

[Event "SS Manhem Chess Week 2019 GM and IM tournaments"]
[Site "Molnlycke kulturhus, Biblioteksgatan 2, Molnlycke, Sweden"]
[Date "2019.08.12"]
[Round "4.4"]
[White "Haubro, Martin"]
[Black "Wiedenkeller, Michael"]
[Result "0-1"]
[TimeControl "90 minutes for 40 moves + 30 minutes for the rest of the game + 30 seconds per move from move one."]
[WhiteTitle "IM"]
[BlackTitle "IM"]
[WhiteFideId "1414291"]
[BlackFideId "1700146"]
[WhiteElo "2374"]
[BlackElo "2456"]

1. e4 e5 2. Nf3 Nc6 3. Bb5 Nf6 4. d3 Bc5 5. c3 d5 6. exd5 Qxd5 7. Bc4 Qd6 8. b4 Bb6 9. a4 O-O 10.
O-O e4 11. dxe4 Qxd1 12. Rxd1 Nxe4 13. Rf1 Nd6 14. Bd3 a5 15. b5 Ne7 16. Ba3 Bg4 17. Nbd2 Nd5 18. Ne5 Be6 19. Rfc1 Nf4 20.
Bf1 Rfe8 21. Nef3 Nf5 22. g3 Ng6 23. Nc4 Bxc4 24. Bxc4 Nd6 25. Bd5 Ne7 26. Bb3 Nef5 27. Rc2 Ne4 28.
Bd5 Nfd6 29. c4 Bc5 30. Bb2 Rac8 31. Ne5 Bb4 32. h4 Re7 33. h5 Rce8 34. Nd3 Nc5 35. Nxb4 axb4 36. Bd4 Nb3 37.
Rd1 Re1+ 0-1

[Event "SS Manhem Chess Week 2019 GM and IM tournaments"]
[Site "Molnlycke kulturhus, Biblioteksgatan 2, Molnlycke, Sweden"]
[Date "2019.08.12"]
[Round "4.5"]
[White "Hector, Jonny"]
[Black "Lindgren, Philip"]
[Result "1-0"]
[TimeControl "90 minutes for 40 moves + 30 minutes for the rest of the game + 30 seconds per move from move one."]
[WhiteTitle "GM"]
[BlackTitle "IM"]
[WhiteFideId "1700090"]
[BlackFideId "1713230"]
[WhiteElo "2493"]
[BlackElo "2362"]

1. e4 e5 2. Nf3 Nf6 3. Nxe5 d6 4. Nf3 Nxe4 5. d4 d5 6. Bd3 Nc6 7. O-O Be7 8. c4 Nb4 9. cxd5 Nxd3 10.
Qxd3 Nf6 11. Nc3 Nxd5 12. Nxd5 Qxd5 13. Re1 Be6 14. Re5 Qd7 15. d5 c6 16. Bg5 cxd5 17. Rae1 O-O-O 18. Bxe7 Qxe7 19.
Nd4 Rhe8 20. Nf5 Qf8 21. Qg3 Qc5 22. Nxg7 Rg8 23. Rg5 Rgf8 24. h4 Qd6 25. Rge5 Bd7 26. Qd3 d4 27. Qc4+ Kb8 28.
Rd5 Qc6 29. Qxd4 Rg8 30. Rd1 Kc8 31. Rc5 1-0